 Dungeon Crawl Stone Soup version 0.31-a0-521-gc7390f8997 (webtiles) character file.

Game seed: 4808196229884756126

63 Newt the Trooper (level 4, -5/29 HPs)
             Began as a Gargoyle Fighter on Aug 10, 2023.
             Slain by a gnoll
             ... wielding a +0 flail
              (6 damage)
             ... on level 2 of the Dungeon.
             The game lasted 00:00:58 (1111 turns).

Newt the Trooper (Gargoyle Fighter)                 Turns: 1111, Time: 00:00:59

Health: -5/29      AC: 10    Str: 21    XL:     4   Next: 9%
Magic:  4/4        EV:  9    Int:  9    God:
Gold:   88         SH:  4    Dex:  9    Spells: 3/3 levels left

rFire   . . .        j - +4 mace of Invincibility {freeze, rPois rC+ SInv}
rCold   + . .        c - +0 buckler
rNeg    + . .        b - +0 scale mail
rPois   ∞            (no helmet)
rElec   +            (no cloak)
rCorr   .            (no gloves)
SInv    +            (no boots)
Will    .....        (no amulet) Stlth
                     (no ring)
HPRegen 0.24/turn    (no ring)
MPRegen 0.09/turn

%: no passive effects
@: no status effects
A: sickness immunity, AC +3, negative energy resistance 1, electricity
resistance, torment resistance 1, petrification resistance
a: no special abilities


You were on level 2 of the Dungeon.
You visited 1 branch of the dungeon, and saw 2 of its levels.

You collected 88 gold pieces.

Inventory:

Hand Weapons
 a - a +0 flail
 j - the +4 mace of Invincibility (weapon) {freeze, rPois rC+ SInv}
   (You found it on level 2 of the Dungeon)

   rC+:       It protects you from cold.
   rPois:     It protects you from poison SInv: It lets you see invisible.
Armour
 b - a +0 scale mail (worn)
 c - a +0 buckler (worn)
Scrolls
 e - 2 scrolls of amnesia {unknown}
 f - a scroll of brand weapon {unknown}
 g - a scroll of blinking {unknown}
 h - a scroll of fog {unknown}
 k - a scroll of poison {unknown}
Potions
 d - 2 potions of might
 i - 2 potions of lignification {unknown}


   Skills:
 - Level 4.0 Fighting
 + Level 3.7 Maces & Flails
 - Level 3.2 Armour
 - Level 3.2 Shields


You had 3 spell levels left.
You didn't know any spells.
Your spell library contained the following spells:

 Spells                   Type           Power      Damage    Failure   Level
 Vhi's Electric Charge    Tloc/Air       0%         N/A       99%         3
 Arcjolt                  Conj/Air       0%         1d10      100%        5
 Plasma Beam              Fire/Air       0%         2x1d10    100%        6


Dungeon Overview and Level Annotations

Branches:
Dungeon (2/15)

Altars:

Shops:
D:2 :


Innate Abilities, Weirdness & Mutations

You are immune to sickness and miasma.
Your stone body is resilient. (AC +3)
You are immune to poison.
You resist negative energy. (rN+)
You are resistant to electric shocks. (rElec)
You are resistant to unholy torment.
You are immune to petrification.


Message History

The bat completely misses you. The goblin barely misses you.
You barely miss the goblin. The bat barely misses you.
The goblin hits you but does no damage.
You sock the goblin! You freeze the goblin.
You kill the goblin!
You block the bat's attack. The kobold closely misses you.
You sock the kobold! You freeze the kobold.
You kill the kobold!
The bat hits you but does no damage. x2
You barely miss the bat. The bat barely misses you. x2
You hit the bat. You freeze the bat.
You kill the bat!
No target in view!
No target in view!
You now have 88 gold pieces (gained 12).
You see here a +0 dagger.
A gnoll comes into view. It is wielding a +0 halberd.
The gnoll shouts!
You hear a shout! x2
A gnoll comes into view. It is wielding a +0 club.
The gnoll shouts!
A gnoll comes into view. It is wielding a +0 whip.
A gnoll comes into view. It is wielding a +0 flail.
The gnoll hits you from afar with a +0 halberd!
You sock the gnoll! You freeze the gnoll.
You kill the gnoll!
You block the gnoll's attack.
You have reached level 4!
You feel clever. The gnoll completely misses you.
You hit the gnoll but do no damage. The gnoll hits you with a +0 halberd.
You hit the gnoll. You freeze the gnoll.
The gnoll is heavily wounded.
The gnoll hits you from afar with a +0 halberd!
The gnoll hits you but does no damage.
You completely miss the gnoll.
The gnoll is heavily wounded.
The gnoll hits you from afar with a +0 halberd!
* * * LOW HITPOINT WARNING * * *
The gnoll hits you with a +0 flail.
You die...

######## #.....# ###
######.....#### ...
........)..'... ###
######†)...##########
#.....# #......# #
#.....###.####.# #
#.....##.....#.###
#.)...##..##.#....
#@######..##.#..##
#g# #..........


#gg #...#...### #... #.....(... #.... #......### #..... #......#
#.######......## #+# #.......... #.#...#..### You could see 3 gnolls.

Vanquished Creatures
  A gnoll (D:2)
  3 worms (D:2)
  4 dart slugs
  7 ball pythons
  2 giant cockroaches
  2 goblins
  2 hobgoblins
  2 jackals (D:2)
  A quokka (D:2)
  5 bats
  3 kobolds
  3 rats (D:1)
35 creatures vanquished.

Notes
Turn   | Place    | Note
-------+----------+-------------------------------------------
     0 | D:1      | Newt the Gargoyle Fighter began the quest for the Orb.
     0 | D:1      | Reached XP level 1. HP: 14/14 MP: 1/1
   231 | D:1      | Reached XP level 2. HP: 17/20 MP: 2/2
   343 | D:1      | Reached skill level 4 in Fighting
   662 | D:2      | Reached XP level 3. HP: 21/24 MP: 3/3
   664 | D:2      | Identified the +4 mace of Invincibility {freeze, rPois rC+
                  | SInv}
   902 | D:2      | Found a faded altar of an unknown god.
   937 | D:2      | Found Ankiamno's Book Shop.
  1108 | D:2      | Reached XP level 4. HP: 20/29 MP: 4/4
  1111 | D:2      | HP: 1/29 [gnoll/+0 halberd (9)]
  1111 | D:2      | Slain by a gnoll

Illustrated notes

Levels and vault maps discovered:
D:1:      dpeg_arrival_rooms_c, layout_loops_cross,
          nicolae_twisty_statue_hallways
D:2:      layout_basic, serial_shops, shop, shapermc_ecumenical_altar_acropolis,
          minmay_misc_feat_tiny

Skill      XL: |  1  2  3 |
---------------+----------+-----
Fighting       | 4 |  4.0
Maces & Flails | 3 |  3.7
Armour         | |  3.2
Shields        | |  3.2

Action                     |  1- 3 |  4- 6 || total
---------------------------+-------+-------++-------
  Melee: Flail             |    48 |       ||    48
         Mace              |    38 |     3 ||    41
 Armour: Scale mail        |    54 |     1 ||    55
  Dodge: Dodged            |    34 |     1 ||    35
  Block: Buckler           |    15 |       ||    15

Table legend: (Time is in decaauts)
 A = Elapsed time spent in this place.
 B = Non-inter-level travel time spent in this place.
 C = Inter-level travel time spent in this place.
 D = Time resting spent in this place.
 E = Time spent auto-exploring this place.
 F = Levels seen in this place.
 G = Mean time per level.
                   A        B        C        D        E       F      G
               +--------+--------+--------+--------+--------+-----+--------+
         Total |   1137 |   1105 |     32 |      0 |    884 |   2 |  568.5 |
       Dungeon |   1137 |   1105 |     32 |      0 |    884 |   2 |  568.5 |
               +--------+--------+--------+--------+--------+-----+--------+

Top non-repeatable levels by time:
     D:1: 665 daAuts
     D:2: 472 daAuts
